%YAML 1.1
%TAG !u! tag:unity3d.com,2011:
--- !u!1 &7710427800486020715
GameObject:
  m_ObjectHideFlags: 0
  m_CorrespondingSourceObject: {fileID: 0}
  m_PrefabInstance: {fileID: 0}
  m_PrefabAsset: {fileID: 0}
  serializedVersion: 6
  m_Component:
  - component: {fileID: 2561988232362036269}
  m_Layer: 0
  m_Name: Turrets
  m_TagString: Untagged
  m_Icon: {fileID: 0}
  m_NavMeshLayer: 0
  m_StaticEditorFlags: 0
  m_IsActive: 1
--- !u!4 &2561988232362036269
Transform:
  m_ObjectHideFlags: 0
  m_CorrespondingSourceObject: {fileID: 0}
  m_PrefabInstance: {fileID: 0}
  m_PrefabAsset: {fileID: 0}
  m_GameObject: {fileID: 7710427800486020715}
  m_LocalRotation: {x: 0, y: 0, z: 0, w: 1}
  m_LocalPosition: {x: 0, y: 0, z: 0}
  m_LocalScale: {x: 1, y: 1, z: 1}
  m_Children:
  - {fileID: 5277689210299968662}
  - {fileID: 7344272934453475484}
  - {fileID: 6186829086782009948}
  - {fileID: 2648353384099962038}
  m_Father: {fileID: 0}
  m_RootOrder: 0
  m_LocalEulerAnglesHint: {x: 0, y: 0, z: 0}
--- !u!1001 &352084107712281092
PrefabInstance:
  m_ObjectHideFlags: 0
  serializedVersion: 2
  m_Modification:
    m_TransformParent: {fileID: 2561988232362036269}
    m_Modifications:
    - target: {fileID: 2315428544634382001, guid: 52ae6f3ab2a7d6747b16c4eb6cc2f17b,
        type: 3}
      propertyPath: m_Name
      value: TurretEnemy (4)
      objectReference: {fileID: 0}
    - target: {fileID: 2315428544634382002, guid: 52ae6f3ab2a7d6747b16c4eb6cc2f17b,
        type: 3}
      propertyPath: m_RootOrder
      value: 3
      objectReference: {fileID: 0}
    - target: {fileID: 2315428544634382002, guid: 52ae6f3ab2a7d6747b16c4eb6cc2f17b,
        type: 3}
      propertyPath: m_LocalPosition.x
      value: 15.23
      objectReference: {fileID: 0}
    - target: {fileID: 2315428544634382002, guid: 52ae6f3ab2a7d6747b16c4eb6cc2f17b,
        type: 3}
      propertyPath: m_LocalPosition.y
      value: -3.25
      objectReference: {fileID: 0}
    - target: {fileID: 2315428544634382002, guid: 52ae6f3ab2a7d6747b16c4eb6cc2f17b,
        type: 3}
      propertyPath: m_LocalPosition.z
      value: -3
      objectReference: {fileID: 0}
    - target: {fileID: 2315428544634382002, guid: 52ae6f3ab2a7d6747b16c4eb6cc2f17b,
        type: 3}
      propertyPath: m_LocalRotation.w
      value: 1
      objectReference: {fileID: 0}
    - target: {fileID: 2315428544634382002, guid: 52ae6f3ab2a7d6747b16c4eb6cc2f17b,
        type: 3}
      propertyPath: m_LocalRotation.x
      value: 0
      objectReference: {fileID: 0}
    - target: {fileID: 2315428544634382002, guid: 52ae6f3ab2a7d6747b16c4eb6cc2f17b,
        type: 3}
      propertyPath: m_LocalRotation.y
      value: 0
      objectReference: {fileID: 0}
    - target: {fileID: 2315428544634382002, guid: 52ae6f3ab2a7d6747b16c4eb6cc2f17b,
        type: 3}
      propertyPath: m_LocalRotation.z
      value: 0
      objectReference: {fileID: 0}
    - target: {fileID: 2315428544634382002, guid: 52ae6f3ab2a7d6747b16c4eb6cc2f17b,
        type: 3}
      propertyPath: m_LocalEulerAnglesHint.x
      value: 0
      objectReference: {fileID: 0}
    - target: {fileID: 2315428544634382002, guid: 52ae6f3ab2a7d6747b16c4eb6cc2f17b,
        type: 3}
      propertyPath: m_LocalEulerAnglesHint.y
      value: 0
      objectReference: {fileID: 0}
    - target: {fileID: 2315428544634382002, guid: 52ae6f3ab2a7d6747b16c4eb6cc2f17b,
        type: 3}
      propertyPath: m_LocalEulerAnglesHint.z
      value: 0
      objectReference: {fileID: 0}
    - target: {fileID: 2315428544634382002, guid: 52ae6f3ab2a7d6747b16c4eb6cc2f17b,
        type: 3}
      propertyPath: m_LocalScale.x
      value: 1
      objectReference: {fileID: 0}
    - target: {fileID: 2315428544634382002, guid: 52ae6f3ab2a7d6747b16c4eb6cc2f17b,
        type: 3}
      propertyPath: m_LocalScale.y
      value: 1
      objectReference: {fileID: 0}
    - target: {fileID: 2315428544634382003, guid: 52ae6f3ab2a7d6747b16c4eb6cc2f17b,
        type: 3}
      propertyPath: m_FlipX
      value: 1
      objectReference: {fileID: 0}
    m_RemovedComponents: []
  m_SourcePrefab: {fileID: 100100000, guid: 52ae6f3ab2a7d6747b16c4eb6cc2f17b, type: 3}
--- !u!4 &2648353384099962038 stripped
Transform:
  m_CorrespondingSourceObject: {fileID: 2315428544634382002, guid: 52ae6f3ab2a7d6747b16c4eb6cc2f17b,
    type: 3}
  m_PrefabInstance: {fileID: 352084107712281092}
  m_PrefabAsset: {fileID: 0}
--- !u!1001 &5029980563292167726
PrefabInstance:
  m_ObjectHideFlags: 0
  serializedVersion: 2
  m_Modification:
    m_TransformParent: {fileID: 2561988232362036269}
    m_Modifications:
    - target: {fileID: 2315428544634382001, guid: 52ae6f3ab2a7d6747b16c4eb6cc2f17b,
        type: 3}
      propertyPath: m_Name
      value: TurretEnemy (2)
      objectReference: {fileID: 0}
    - target: {fileID: 2315428544634382002, guid: 52ae6f3ab2a7d6747b16c4eb6cc2f17b,
        type: 3}
      propertyPath: m_RootOrder
      value: 1
      objectReference: {fileID: 0}
    - target: {fileID: 2315428544634382002, guid: 52ae6f3ab2a7d6747b16c4eb6cc2f17b,
        type: 3}
      propertyPath: m_LocalPosition.x
      value: 7.53
      objectReference: {fileID: 0}
    - target: {fileID: 2315428544634382002, guid: 52ae6f3ab2a7d6747b16c4eb6cc2f17b,
        type: 3}
      propertyPath: m_LocalPosition.y
      value: -9.74
      objectReference: {fileID: 0}
    - target: {fileID: 2315428544634382002, guid: 52ae6f3ab2a7d6747b16c4eb6cc2f17b,
        type: 3}
      propertyPath: m_LocalPosition.z
      value: -3
      objectReference: {fileID: 0}
    - target: {fileID: 2315428544634382002, guid: 52ae6f3ab2a7d6747b16c4eb6cc2f17b,
        type: 3}
      propertyPath: m_LocalRotation.w
      value: 1
      objectReference: {fileID: 0}
    - target: {fileID: 2315428544634382002, guid: 52ae6f3ab2a7d6747b16c4eb6cc2f17b,
        type: 3}
      propertyPath: m_LocalRotation.x
      value: 0
      objectReference: {fileID: 0}
    - target: {fileID: 2315428544634382002, guid: 52ae6f3ab2a7d6747b16c4eb6cc2f17b,
        type: 3}
      propertyPath: m_LocalRotation.y
      value: 0
      objectReference: {fileID: 0}
    - target: {fileID: 2315428544634382002, guid: 52ae6f3ab2a7d6747b16c4eb6cc2f17b,
        type: 3}
      propertyPath: m_LocalRotation.z
      value: 0
      objectReference: {fileID: 0}
    - target: {fileID: 2315428544634382002, guid: 52ae6f3ab2a7d6747b16c4eb6cc2f17b,
        type: 3}
      propertyPath: m_LocalEulerAnglesHint.x
      value: 0
      objectReference: {fileID: 0}
    - target: {fileID: 2315428544634382002, guid: 52ae6f3ab2a7d6747b16c4eb6cc2f17b,
        type: 3}
      propertyPath: m_LocalEulerAnglesHint.y
      value: 0
      objectReference: {fileID: 0}
    - target: {fileID: 2315428544634382002, guid: 52ae6f3ab2a7d6747b16c4eb6cc2f17b,
        type: 3}
      propertyPath: m_LocalEulerAnglesHint.z
      value: 0
      objectReference: {fileID: 0}
    - target: {fileID: 2315428544634382003, guid: 52ae6f3ab2a7d6747b16c4eb6cc2f17b,
        type: 3}
      propertyPath: m_FlipX
      value: 1
      objectReference: {fileID: 0}
    m_RemovedComponents: []
  m_SourcePrefab: {fileID: 100100000, guid: 52ae6f3ab2a7d6747b16c4eb6cc2f17b, type: 3}
--- !u!4 &7344272934453475484 stripped
Transform:
  m_CorrespondingSourceObject: {fileID: 2315428544634382002, guid: 52ae6f3ab2a7d6747b16c4eb6cc2f17b,
    type: 3}
  m_PrefabInstance: {fileID: 5029980563292167726}
  m_PrefabAsset: {fileID: 0}
--- !u!1001 &7573950258618305060
PrefabInstance:
  m_ObjectHideFlags: 0
  serializedVersion: 2
  m_Modification:
    m_TransformParent: {fileID: 2561988232362036269}
    m_Modifications:
    - target: {fileID: 2315428544634382001, guid: 52ae6f3ab2a7d6747b16c4eb6cc2f17b,
        type: 3}
      propertyPath: m_Name
      value: TurretEnemy
      objectReference: {fileID: 0}
    - target: {fileID: 2315428544634382002, guid: 52ae6f3ab2a7d6747b16c4eb6cc2f17b,
        type: 3}
      propertyPath: m_RootOrder
      value: 0
      objectReference: {fileID: 0}
    - target: {fileID: 2315428544634382002, guid: 52ae6f3ab2a7d6747b16c4eb6cc2f17b,
        type: 3}
      propertyPath: m_LocalPosition.x
      value: -10.67
      objectReference: {fileID: 0}
    - target: {fileID: 2315428544634382002, guid: 52ae6f3ab2a7d6747b16c4eb6cc2f17b,
        type: 3}
      propertyPath: m_LocalPosition.y
      value: 2.31
      objectReference: {fileID: 0}
    - target: {fileID: 2315428544634382002, guid: 52ae6f3ab2a7d6747b16c4eb6cc2f17b,
        type: 3}
      propertyPath: m_LocalPosition.z
      value: -3
      objectReference: {fileID: 0}
    - target: {fileID: 2315428544634382002, guid: 52ae6f3ab2a7d6747b16c4eb6cc2f17b,
        type: 3}
      propertyPath: m_LocalRotation.w
      value: 1
      objectReference: {fileID: 0}
    - target: {fileID: 2315428544634382002, guid: 52ae6f3ab2a7d6747b16c4eb6cc2f17b,
        type: 3}
      propertyPath: m_LocalRotation.x
      value: 0
      objectReference: {fileID: 0}
    - target: {fileID: 2315428544634382002, guid: 52ae6f3ab2a7d6747b16c4eb6cc2f17b,
        type: 3}
      propertyPath: m_LocalRotation.y
      value: 0
      objectReference: {fileID: 0}
    - target: {fileID: 2315428544634382002, guid: 52ae6f3ab2a7d6747b16c4eb6cc2f17b,
        type: 3}
      propertyPath: m_LocalRotation.z
      value: 0
      objectReference: {fileID: 0}
    - target: {fileID: 2315428544634382002, guid: 52ae6f3ab2a7d6747b16c4eb6cc2f17b,
        type: 3}
      propertyPath: m_LocalEulerAnglesHint.x
      value: 0
      objectReference: {fileID: 0}
    - target: {fileID: 2315428544634382002, guid: 52ae6f3ab2a7d6747b16c4eb6cc2f17b,
        type: 3}
      propertyPath: m_LocalEulerAnglesHint.y
      value: 0
      objectReference: {fileID: 0}
    - target: {fileID: 2315428544634382002, guid: 52ae6f3ab2a7d6747b16c4eb6cc2f17b,
        type: 3}
      propertyPath: m_LocalEulerAnglesHint.z
      value: 0
      objectReference: {fileID: 0}
    - target: {fileID: 7831975381435233428, guid: 52ae6f3ab2a7d6747b16c4eb6cc2f17b,
        type: 3}
      propertyPath: m_RootOrder
      value: 0
      objectReference: {fileID: 0}
    m_RemovedComponents: []
  m_SourcePrefab: {fileID: 100100000, guid: 52ae6f3ab2a7d6747b16c4eb6cc2f17b, type: 3}
--- !u!4 &5277689210299968662 stripped
Transform:
  m_CorrespondingSourceObject: {fileID: 2315428544634382002, guid: 52ae6f3ab2a7d6747b16c4eb6cc2f17b,
    type: 3}
  m_PrefabInstance: {fileID: 7573950258618305060}
  m_PrefabAsset: {fileID: 0}
--- !u!1001 &8502239434656797934
PrefabInstance:
  m_ObjectHideFlags: 0
  serializedVersion: 2
  m_Modification:
    m_TransformParent: {fileID: 2561988232362036269}
    m_Modifications:
    - target: {fileID: 2315428544634382001, guid: 52ae6f3ab2a7d6747b16c4eb6cc2f17b,
        type: 3}
      propertyPath: m_Name
      value: TurretEnemy (3)
      objectReference: {fileID: 0}
    - target: {fileID: 2315428544634382002, guid: 52ae6f3ab2a7d6747b16c4eb6cc2f17b,
        type: 3}
      propertyPath: m_RootOrder
      value: 2
      objectReference: {fileID: 0}
    - target: {fileID: 2315428544634382002, guid: 52ae6f3ab2a7d6747b16c4eb6cc2f17b,
        type: 3}
      propertyPath: m_LocalPosition.x
      value: -8.4
      objectReference: {fileID: 0}
    - target: {fileID: 2315428544634382002, guid: 52ae6f3ab2a7d6747b16c4eb6cc2f17b,
        type: 3}
      propertyPath: m_LocalPosition.y
      value: -13.87
      objectReference: {fileID: 0}
    - target: {fileID: 2315428544634382002, guid: 52ae6f3ab2a7d6747b16c4eb6cc2f17b,
        type: 3}
      propertyPath: m_LocalPosition.z
      value: -3
      objectReference: {fileID: 0}
    - target: {fileID: 2315428544634382002, guid: 52ae6f3ab2a7d6747b16c4eb6cc2f17b,
        type: 3}
      propertyPath: m_LocalRotation.w
      value: 1
      objectReference: {fileID: 0}
    - target: {fileID: 2315428544634382002, guid: 52ae6f3ab2a7d6747b16c4eb6cc2f17b,
        type: 3}
      propertyPath: m_LocalRotation.x
      value: 0
      objectReference: {fileID: 0}
    - target: {fileID: 2315428544634382002, guid: 52ae6f3ab2a7d6747b16c4eb6cc2f17b,
        type: 3}
      propertyPath: m_LocalRotation.y
      value: 0
      objectReference: {fileID: 0}
    - target: {fileID: 2315428544634382002, guid: 52ae6f3ab2a7d6747b16c4eb6cc2f17b,
        type: 3}
      propertyPath: m_LocalRotation.z
      value: 0
      objectReference: {fileID: 0}
    - target: {fileID: 2315428544634382002, guid: 52ae6f3ab2a7d6747b16c4eb6cc2f17b,
        type: 3}
      propertyPath: m_LocalEulerAnglesHint.x
      value: 0
      objectReference: {fileID: 0}
    - target: {fileID: 2315428544634382002, guid: 52ae6f3ab2a7d6747b16c4eb6cc2f17b,
        type: 3}
      propertyPath: m_LocalEulerAnglesHint.y
      value: 0
      objectReference: {fileID: 0}
    - target: {fileID: 2315428544634382002, guid: 52ae6f3ab2a7d6747b16c4eb6cc2f17b,
        type: 3}
      propertyPath: m_LocalEulerAnglesHint.z
      value: 0
      objectReference: {fileID: 0}
    m_RemovedComponents: []
  m_SourcePrefab: {fileID: 100100000, guid: 52ae6f3ab2a7d6747b16c4eb6cc2f17b, type: 3}
--- !u!4 &6186829086782009948 stripped
Transform:
  m_CorrespondingSourceObject: {fileID: 2315428544634382002, guid: 52ae6f3ab2a7d6747b16c4eb6cc2f17b,
    type: 3}
  m_PrefabInstance: {fileID: 8502239434656797934}
  m_PrefabAsset: {fileID: 0}
